Workbook

Sheet Cover
A1: =RIGHT(CELL("filename", $A$1), LEN(CELL("filename", $A$1)) - SEARCH("]", CELL("filename", $A$1))) -> #VALUE!
B3: Havant Thicket separate model
B5: Model code: | C5: PR24CA981
B6: Version number: | C6: 1
B7: File name: | C7: =MID(CELL("filename"), FIND("[", CELL("filename"), 1) + 1, FIND("]", CELL("filename"), 1) - FIND("[", CELL("filename"), 1) - 1) -> #VALUE!
B8: Date: | C8: December 2024
B10: For enquiries please contact: | C10: PR24@ofwat.gov.uk

Sheet F_Inputs
C1: Additional control - BP | E1: Run on 11 Oct 2024 8:37
A2: Acronym | B2: Reference | C2: Item description | D2: Unit | E2: Model | F2: 2025-26 | G2: 2026-27 | H2: 2027-28 | I2: 2028-29 | J2: 2029-30
F4: Price Review 2024 | G4: Price Review 2024 | H4: Price Review 2024 | I4: Price Review 2024 | J4: Price Review 2024
F5: Run 11 - PR24 FD Data | G5: Run 11 - PR24 FD Data | H5: Run 11 - PR24 FD Data | I5: Run 11 - PR24 FD Data | J5: Run 11 - PR24 FD Data
F6: Latest | G6: Latest | H6: Latest | I6: Latest | J6: Latest
A7: PRT | B7: RR2_002ADDN1_PR24 | C7: COMPANY INPUTS - OPEX - Total gross operational expenditure - real - including cost sharing (ADDN1) | D7: £m | E7: Price Review 2024 | F7: 0 | G7: 0 | H7: 0 | I7: 0 | J7: 0
A8: PRT | B8: RR2_001ADDN1_PR24 | C8: COMPANY INPUTS - CAPEX - Gross capital expenditure - real including g&c - Including cost sharing (ADDN1) | D8: £m | E8: Price Review 2024 | F8: 51.286 | G8: 14.74 | H8: 15.321 | I8: 2.629 | J8: 1.017

Sheet Analysis
A1: =RIGHT(CELL("filename", A1), LEN(CELL("filename", A1)) - SEARCH("]", CELL("filename", A1))) -> #VALUE!
G3: 2025-26 | H3: 2026-27 | I3: 2027-28 | J3: 2028-29 | K3: 2029-30 | L3: 2025-30
E5: Company requested operating expenditure | F5: £m | G5: =F_Inputs!F7 -> 0 | H5: =F_Inputs!G7 -> 0 | I5: =F_Inputs!H7 -> 0 | J5: =F_Inputs!I7 -> 0 | K5: =F_Inputs!J7 -> 0 | L5: =SUM(G5:K5) -> 0
E6: Company requested capital expenditure | F6: £m | G6: =F_Inputs!F8 -> 51.286 | H6: =F_Inputs!G8 -> 14.74 | I6: =F_Inputs!H8 -> 15.321 | J6: =F_Inputs!I8 -> 2.629 | K6: =F_Inputs!J8 -> 1.017 | L6: =SUM(G6:K6) -> 84.993
E7: Company requested total expenditure | F7: £m | G7: =SUM(G5:G6) -> 51.286 | H7: =SUM(H5:H6) -> 14.74 | I7: =SUM(I5:I6) -> 15.321 | J7: =SUM(J5:J6) -> 2.629 | K7: =SUM(K5:K6) -> 1.017 | L7: =SUM(G7:K7) -> 84.993
E11: Operating cost element 1 | F11: £m
E20: Operating cost element 2 | F20: £m
E29: Operating cost element 3 | F29: £m
E37: Total Allowed Operating Costs | F37: £m | G37: =G29+G20+G11 -> 0 | H37: =H29+H20+H11 -> 0 | I37: =I29+I20+I11 -> 0 | J37: =J29+J20+J11 -> 0 | K37: =K29+K20+K11 -> 0 | L37: =SUM(G37:K37) -> 0
E40: Capital cost element 1 | F40: £m | G40: 51.285505 | H40: 14.740199 | I40: 15.321071 | J40: 2.6292691 | K40: 1.0165248
E59: Capital cost element 2 | F59: £m
E68: Capital cost element 3 | F68: £m
E76: Total Allowed Capital Costs | F76: £m | G76: =G68+G59+G40 -> 51.285505 | H76: =H68+H59+H40 -> 14.740199 | I76: =I68+I59+I40 -> 15.321071 | J76: =J68+J59+J40 -> 2.6292691 | K76: =K68+K59+K40 -> 1.0165248 | L76: =SUM(G76:K76) -> 84.992569
A78: END

Sheet F_Outputs
C1: PR24CA98_OUT
A2: Acronym | B2: Reference | C2: Item description | D2: Unit | E2: Model | F2: 2025-26 | G2: 2026-27 | H2: 2027-28 | I2: 2028-29 | J2: 2029-30
B4: C_PR24CA_RR2_002ADDN1_PR24 | C4: Ofwat - Total gross operational expenditure including cost sharing - real (ADDN1) | D4: £m | E4: Price Review 2024 | F4: =Analysis!G37 -> 0 | G4: =Analysis!H37 -> 0 | H4: =Analysis!I37 -> 0 | I4: =Analysis!J37 -> 0 | J4: =Analysis!K37 -> 0
B5: C_PR24CA_RR2_001ADDN1_PR24 | C5: Ofwat - Gross capital expenditure - including g&c and cost sharing - real (ADDN1) | D5: £m | E5: Price Review 2024 | F5: =Analysis!G76 -> 51.285505 | G5: =Analysis!H76 -> 14.740199 | H5: =Analysis!I76 -> 15.321071 | I5: =Analysis!J76 -> 2.6292691 | J5: =Analysis!K76 -> 1.0165248
B6: PR24QA_PR24CA98_OUT1 | C6: Date & Time for Model - PR24CA98 | D6: Text | E6: Price Review 2024 | F6: =CONCATENATE("[…]", TEXT(NOW(),"dd/mm/yyy hh:mm:ss")) -> […]16/12/2024 14:04:50 | G6: =CONCATENATE("[…]", TEXT(NOW(),"dd/mm/yyy hh:mm:ss")) -> […]16/12/2024 14:04:50 | H6: =CONCATENATE("[…]", TEXT(NOW(),"dd/mm/yyy hh:mm:ss")) -> […]16/12/2024 14:04:50 | I6: =CONCATENATE("[…]", TEXT(NOW(),"dd/mm/yyy hh:mm:ss")) -> […]16/12/2024 14:04:50 | J6: =CONCATENATE("[…]", TEXT(NOW(),"dd/mm/yyy hh:mm:ss")) -> […]16/12/2024 14:04:50
B7: PR24QA_PR24CA98_OUT2 | C7: Name of Model - PR24CA98 | D7: Text | E7: Price Review 2024 | F7: =MID(CELL("filename"),SEARCH("[",CELL("filename"))+1,SEARCH("]",CELL("filename"))-SEARCH("[",CELL("filename"))-1) -> #VALUE! | G7: =MID(CELL("filename"),SEARCH("[",CELL("filename"))+1,SEARCH("]",CELL("filename"))-SEARCH("[",CELL("filename"))-1) -> #VALUE! | H7: =MID(CELL("filename"),SEARCH("[",CELL("filename"))+1,SEARCH("]",CELL("filename"))-SEARCH("[",CELL("filename"))-1) -> #VALUE! | I7: =MID(CELL("filename"),SEARCH("[",CELL("filename"))+1,SEARCH("]",CELL("filename"))-SEARCH("[",CELL("filename"))-1) -> #VALUE! | J7: =MID(CELL("filename"),SEARCH("[",CELL("filename"))+1,SEARCH("]",CELL("filename"))-SEARCH("[",CELL("filename"))-1) -> #VALUE!
B8: PR24QA_PR24CA98_OUT3 | C8: F_Inputs time stamp - PR24CA98 | D8: Text | E8: Price Review 2024 | F8: =F_Inputs!$E$1 -> Run on 11 Oct 2024 8:37 | G8: =F_Inputs!$E$1 -> Run on 11 Oct 2024 8:37 | H8: =F_Inputs!$E$1 -> Run on 11 Oct 2024 8:37 | I8: =F_Inputs!$E$1 -> Run on 11 Oct 2024 8:37 | J8: =F_Inputs!$E$1 -> Run on 11 Oct 2024 8:37
B9: PR24QA_PR24CA98_OUT4 | C9: Model override switch for - PR24CA98 | D9: nr | E9: Price Review 2024 | F9: 0 | G9: 0 | H9: 0 | I9: 0 | J9: 0
